 Dungeon Crawl Stone Soup version 0.31-a0-968-g24f9ace8b5 (webtiles) character file.

Game seed: 10503500405294029596

6403 BinkBink the Grappler (level 10, -4/100 HPs)
             Began as a Troll Shapeshifter on Oct 27, 2023.
             Was a Believer of Qazlal.
             Slain by a centaur warrior simulacrum (13 damage)
             ... on level 10 of the Dungeon.
             The game lasted 00:16:29 (8349 turns).

BinkBink the Grappler (Troll Shapeshifter)          Turns: 8349, Time: 00:16:32

Health: -4/100     AC:  4    Str: 30    XL:     10   Next: 66%
Magic:  9/9        EV: 11    Int:  6    God:    Qazlal [**....]
Gold:   507        SH:  0    Dex: 13    Spells: 9/9 levels left

rFire   + .          .
                       - Unarmed
rCold   + . .        x - +0 kite shield
rNeg    . . .        a - +0 animal skin
rPois   +            (helmet currently unavailable)
rElec   +            (cloak currently unavailable)
rCorr   +            (gloves unavailable)
SInv    .            (boots unavailable)
Will    +....        A - amulet of reflection
Stlth   +            G - +6 ring of strength
HPRegen 1.16/turn    y - ring of flight
MPRegen 0.11/turn

%: reflection
@: confused, brilliant, beast-form, resistant, ambrosia-drunk, flying
A: beast (slay +4), large, unfitting armour, claws 3, regeneration 1, shaggy fur
1, tough skin 1, strong-willed 1, poison resistance, subdued magic 1, inability
to drink after injury 1
a: Begin Untransformation, Renounce Religion, Upheaval


You were on level 10 of the Dungeon.
You worshipped Qazlal.
Qazlal was pleased with you.
You were a hulking beast.
You visited 2 branches of the dungeon, and saw 11 of its levels.

You collected 729 gold pieces.
You spent 222 gold pieces at shops.

Inventory:

Armour
 a - a +0 animal skin (worn)
 w - a +0 cloak
 x - a +0 kite shield (worn)
Jewellery
 y - a ring of flight (right claw)
 A - an amulet of reflection (around neck)
 G - a +6 ring of strength (left claw)
Talismans
 c - a beast talisman (active)
 d - a flux talisman
 z - a blade talisman
Wands
 g - a wand of polymorph (9)
 q - a wand of charming (17)
 s - a wand of digging (15)
 I - a wand of flame (4)
 M - a wand of mindburst (6)
Scrolls
 f - 2 scrolls of immolation
 i - a scroll of poison
 k - 5 scrolls of teleportation
 l - a scroll of vulnerability
 n - a scroll of fog {unknown}
 B - a scroll of revelation {unknown}
 D - a scroll of torment {unknown}
 E - a scroll of acquirement {unknown}
 J - 2 scrolls of enchant armour {unknown}
 K - a scroll of amnesia {unknown}
Potions
 b - 3 potions of lignification
 h - a potion of enlightenment {unknown}
 j - 8 potions of curing
 m - 3 potions of attraction
 o - a potion of haste {unknown}
 p - a potion of might {unknown}
 r - a potion of invisibility {unknown}
 t - a potion of resistance
 u - 2 potions of mutation
 v - a potion of magic {unknown}
 C - 2 potions of brilliance
 F - a potion of ambrosia
 L - a potion of heal wounds {unknown}


   Skills:
 + Level 6.3 Fighting
 + Level 6.5 Dodging
 + Level 5.2 Shields
 + Level 8.2 Unarmed Combat
 + Level 7.6 Shapeshifting


You had 9 spell levels left.
You didn't know any spells.
Your spell library contained the following spells:

 Spells                   Type           Power      Damage    Failure   Level
 Kiss of Death            Conj/Necr      0%         2d5       61%         1
 Tukima's Dance           Hex            0%         N/A       94%         3
 Dimensional Bullseye     Hex/Tloc       0%         N/A       100%        4
 Iskenderun's Mystic Bla  Conj/Tloc      0%         2d3       100%        4


Dungeon Overview and Level Annotations

Branches:
Dungeon (10/15)            Temple (1/1) D:7            Lair (0/5) D:9
    Orc (0/2) D:10

Altars:
Ashenzari
Cheibriados
Elyvilon
Fedhas
Gozag
Hepliaklqana
Makhleb
Nemelex Xobeh
Qazlal
Ru
Sif Muna
Trog
Uskayaw
Vehumet
Wu Jian
Xom
Yredelemnul
Zin

Shops:
D:5 [   D:6 [   D:7 [![

Annotations:
D:3 1 runed translucent door, Crazy Yiuf


Innate Abilities, Weirdness & Mutations

You are a hulking beast.
Your limbs bulge with bestial killing power. (Slay +4)
You are too large for most types of armour.
You have claws for hands.
Your natural rate of healing is unusually fast.
You are covered in fur. (AC +1)
You have tough skin. (AC +1)
You are strong-willed. (Will+)
Your system is resistant to poisons. (rPois)
Your spells are a little easier to cast, but a little less powerful.
You occasionally lose the ability to drink potions when taking damage.


Message History

The slime creature is lightly wounded.
The slime creature barely misses you.
You mangle the slime creature!!
The slime creature is heavily wounded.
You block the centaur warrior simulacrum's attack. x2
The slime creature hits you.
You claw the slime creature!
The slime creature is severely wounded.
The centaur warrior simulacrum hits you.
The centaur warrior simulacrum freezes you!!
The centaur warrior simulacrum kicks you.
The centaur warrior simulacrum freezes you!!
* * * LOW HITPOINT WARNING * * *
Okay, then.
You barely miss the centaur warrior simulacrum.
The slime creature hits you!
* * * LOW HITPOINT WARNING * * *
You block the centaur warrior simulacrum's attack. x2
Blink to where?
Press: ? - help, Dir - move target
As you read the scroll of blinking, it crumbles to dust.
Okay, then.
The air fills with toxic fumes!
As you read the scroll of poison, it crumbles to dust.
As you read the scroll of fear, it crumbles to dust.
You assume a fearsome visage.
The slime creature looks frightened!
The centaur warrior simulacrum is unaffected.
Okay, then.
It was a potion of brilliance.
You feel clever all of a sudden.
It was a potion of ambrosia.
You are confused.
You feel invigorated.
It was a potion of resistance.
You feel protected.
The centaur warrior simulacrum hits you!
* * * LOW HITPOINT WARNING * * *
The centaur warrior simulacrum freezes you!
You resist.
You die...

############)..........####
#...........#
##...........#
#######......#####.#
.............# .#
#.#####.###..# .#
##☼..##..# .#
#§§##§#§§#####.###
o##hZ§§§§§........
.#§§##§#§§§§....###
..##§..##...###..... .#
##.# #...# ..## ... #...#
.# #.# #...# ≈≈ O.# ..~~# ≈
$# .#.≈≈≈


You could see a centaur warrior simulacrum.

Vanquished Creatures
  A centaur warrior (D:10)
  A yaktaur (D:10)
  Jeremiah (D:8)
  A komodo dragon (D:10)
  A slime creature (D:10)
  A vampire (D:10)
  A shadow (D:9)
  A yak (D:10)
  2 wyverns
  A steam dragon (D:6)
  An acid dragon (D:10)
  2 water moccasins (D:8)
  A sky beast (D:7)
  5 orc warriors
  3 wolves (D:9)
  A centaur (D:10)
  2 ogres
  2 phantoms
  4 kobold brigands
  2 scorpions
  8 wights
  6 killer bees
  4 electric eels (D:9)
  7 hounds
  8 orc priests
  3 gnoll boudas
  3 jellies
  2 sleepcaps
  Jessica (D:2)
  3 iguanas
  6 orc wizards
  Natasha (thrice) (D:2)
  14 gnolls
  10 adders
  A shadow imp (D:5)
  2 white imps
  2 ufetubi (D:3)
  3 dart slugs
  27 orcs
  3 bats
  9 endoplasms
  10 goblins
  10 hobgoblins
  5 jackals
  15 kobolds
  4 quokkas
  4 ball pythons
  5 frilled lizards
  4 rats
216 creatures vanquished.

Vanquished Creatures (others)
  A gnoll (D:9)
1 creature vanquished.

Grand Total: 217 creatures vanquished

Notes
Turn   | Place    | Note
-------+----------+-------------------------------------------
     0 | D:1      | BinkBink the Troll Shapeshifter began the quest for the
                  | Orb.
     0 | D:1      | Reached XP level 1. HP: 18/18 MP: 0/0
    87 | D:1      | Reached skill level 1 in Fighting
   168 | D:1      | Reached XP level 2. HP: 25/27 MP: 1/1
   636 | D:2      | Noticed Jessica
   650 | D:2      | Killed Jessica
   651 | D:2      | Reached XP level 3. HP: 29/33 MP: 2/2
   677 | D:2      | Found a shimmering blue altar of Sif Muna.
   733 | D:2      | Reached XP level 4. HP: 42/42 MP: 3/3
   827 | D:2      | Noticed Natasha
   839 | D:2      | Killed Natasha
  1318 | D:2      | Noticed Natasha
  1327 | D:2      | Killed Natasha
  1353 | D:2      | Reached XP level 5. HP: 45/49 MP: 4/4
  1357 | D:2      | Reached skill level 4 in Unarmed Combat
  1435 | D:2      | Noticed Natasha
  1441 | D:2      | Killed Natasha
  1498 | D:3      | Identified the "Guoxain"
  1610 | D:3      | Found a faded altar of an unknown god.
  2175 | D:3      | Reached XP level 6. HP: 59/59 MP: 5/5
  2191 | D:3      | Found a runed translucent door.
  2192 | D:3      | Noticed Crazy Yiuf
  2601 | D:4      | You fall into a shaft and drop 3 floors!
  2601 | D:7      | Found Rimin's Armour Shoppe.
  2639 | D:6      | Noticed a steam dragon
  2645 | D:6      | Killed a steam dragon
  2652 | D:6      | Found Zoecewkunun's Antique Armour Boutique.
  2704 | D:5      | Entered Level 5 of the Dungeon
  2753 | D:5      | Reached XP level 7. HP: 67/67 MP: 6/6
  2915 | D:5      | Reached skill level 5 in Unarmed Combat
  3218 | D:4      | Reached skill level 5 in Shapeshifting
  3733 | D:5      | Reached XP level 8. HP: 78/78 MP: 7/7
  3937 | D:5      | Found Homeass's Armour Shoppe.
  3942 | D:5      | Bought a +0 cloak for 63 gold pieces
  3942 | D:5      | Bought a +0 kite shield for 63 gold pieces
  4337 | D:6      | Reached skill level 1 in Shields
  4657 | D:6      | Reached skill level 6 in Unarmed Combat
  4838 | D:7      | Found a sparkling altar of Nemelex Xobeh.
  5023 | D:7      | Found a staircase to the Ecumenical Temple.
  5033 | Temple   | Entered the Ecumenical Temple
  5104 | Temple   | Became a worshipper of Qazlal Stormbringer
  5265 | D:7      | Found Nyseisui's Antique Armour Boutique.
  5324 | D:7      | Reached XP level 9. HP: 55/85 MP: 8/8
  5708 | D:7      | Reached skill level 5 in Dodging
  5777 | D:7      | Found Fuafideh's Distillery.
  5780 | D:7      | Bought a potion of mutation for 96 gold pieces
  6037 | D:8      | Reached skill level 5 in Fighting
  6267 | D:8      | Reached * piety under Qazlal
  6354 | D:8      | Noticed Jeremiah
  6520 | D:8      | Killed Jeremiah
  6521 | D:8      | Reached skill level 7 in Unarmed Combat
  7151 | D:9      | Noticed a troll
  7183 | D:9      | Reached XP level 10. HP: 49/98 MP: 9/9
  7279 | D:9      | Found a staircase to the Lair.
  7332 | D:9      | Reached ** piety under Qazlal
  7809 | D:10     | Entered Level 10 of the Dungeon
  7821 | D:10     | Noticed a white ugly thing
  7825 | D:10     | Noticed an ogre mage
  7941 | D:9      | Gained mutation: You occasionally lose the ability to drink
                  | potions when taking damage. [potion of mutation]
  7941 | D:9      | Gained mutation: Your spells are a little easier to cast,
                  | but a little less powerful. [potion of mutation]
  7941 | D:9      | Gained mutation: Your system is resistant to poisons.
                  | (rPois) [potion of mutation]
  7941 | D:9      | Gained mutation: You are strong-willed. (Will+) [potion of
                  | mutation]
  8002 | D:10     | Found a staircase to the Orcish Mines.
  8110 | D:10     | Noticed a centaur warrior
  8120 | D:10     | Killed a centaur warrior
  8121 | D:10     | Reached skill level 5 in Shields
  8121 | D:10     | Reached skill level 8 in Unarmed Combat
  8341 | D:10     | HP: 3/100 [slime creature (9)]
  8349 | D:10     | Slain by a centaur warrior simulacrum

Illustrated notes

Levels and vault maps discovered:
D:1:      dpeg_arrival_erosion, layout_loops_ring
D:2:      layout_basic, basic_altar, uniq_jessica, uniq_natasha
D:3:      layout_basic, shapermc_ecumenical_altar_rom_forum,
          serial_bayou_lagoon_a, minmay_distorted, uniq_crazy_yiuf_cottage
D:4:      layout_loops_ring, minmay_misc_feat_rows
D:5:      layout_gridville, serial_shops, kennysheep_little_box,
          minmay_misc_feat_chi
D:6:      layout_basic, serial_shops, nicolae_shop_just_a_little_nook
D:7:      layout_cave_pools, amcnicky_altar_gilded,
          minmay_temple_entry_statues_fountains, enter_ossuary_5, serial_shops,
          shop_fountains, kennysheep_mini_moat, shop, eino_jars
D:8:      layout_loops_ring, mrwooster_statue_mirror, uniq_jeremiah
D:9:      layout_small_grid, erik_lair_island
D:10:     minmay_the_grid_square_5x5_4x4 [minmay_the_grid_square_5x5_shrine1,
          minmay_the_grid_square_5x5_two, minmay_the_grid_square_5x5_seven,
          minmay_the_grid_square_5x5_almost_minimal,
          minmay_the_grid_square_5x5_longway,
          minmay_the_grid_square_5x5_prize_waves,
          minmay_the_grid_square_5x5_prize_open, minmay_the_grid_square_5x5_n,
          minmay_the_grid_square_5x5_inner_i,
          minmay_the_grid_square_5x5_prize_junk,
          minmay_the_grid_square_5x5_prize_itemx,
          minmay_the_grid_square_5x5_misaligned, minmay_the_grid_square_5x5_v,
          minmay_the_grid_square_5x5_bracketed,
          minmay_the_grid_square_5x5_doubleslash,
          minmay_the_grid_square_5x5_hollow_slash], layout_basic,
          nicolae_overflow_quartered_altars
Temple:   minmay_temple_bridge_d

Skill      XL: |  1  2  3  4  5  6  7  8  9 10 |
---------------+-------------------------------+-----
Fighting       | 1 2 3 4 5 6 |  6.3
Dodging        | 2 3 4 5 6 |  6.5
Unarmed Combat | 4 5 6 7 8 |  8.2
Shapeshifting  | 4 5 6 7 |  7.6
Shields        | 2 4 5 |  5.2

Action                     |  1- 3 |  4- 6 |  7- 9 | 10-12 || total
---------------------------+-------+-------+-------+-------++-------
  Melee: Unarmed           |    62 |   104 |   366 |    90 ||   622
         Punch             |       |     3 |     3 |       ||     6
    Use: Scroll            |       |       |     8 |     4 ||    12
         Potion            |       |       |       |     4 ||     4
   Stab: Sleeping          |       |       |     1 |       ||     1
 Armour: Animal skin       |    34 |    63 |   205 |    55 ||   357
  Dodge: Dodged            |    22 |    42 |   106 |    26 ||   196
  Block: Kite shield       |       |       |   119 |    66 ||   185
         Reflection        |       |       |     4 |     9 ||    13
   Form: Beast             |     1 |       |       |       ||     1

Table legend: (Time is in decaauts)
 A = Elapsed time spent in this place.
 B = Non-inter-level travel time spent in this place.
 C = Inter-level travel time spent in this place.
 D = Time resting spent in this place.
 E = Time spent auto-exploring this place.
 F = Levels seen in this place.
 G = Mean time per level.
                   A        B        C        D        E       F      G
               +--------+--------+--------+--------+--------+-----+--------+
         Total |   8326 |   7751 |    575 |    951 |   5098 |  11 |  756.9 |
       Dungeon |   8185 |   7749 |    436 |    951 |   5098 |  10 |  818.5 |
        Temple |    141 |      2 |    139 |      0 |      0 |   1 |  141.0 |
               +--------+--------+--------+--------+--------+-----+--------+

Top non-repeatable levels by time:
     D:9: 1095 daAuts
     D:7: 986 daAuts
     D:3: 890 daAuts
     D:2: 882 daAuts
     D:5: 879 daAuts
     D:8: 878 daAuts
     D:4: 858 daAuts
     D:6: 673 daAuts
     D:1: 614 daAuts
    D:10: 425 daAuts
  Temple: 141 daAuts
